 Dungeon Crawl Stone Soup version 0.27.1-3-gb3d3a73c9e (webtiles) character file.

Game seed: 524793304242833301

6968 Crownlay the Carver (level 10, -3/91 HPs)
             Began as a Minotaur Fighter on Oct 24, 2021.
             Was a High Priest of Cheibriados.
             Slain by a gnoll sergeant (10 damage)
             ... on level 9 of the Dungeon.
             The game lasted 00:14:50 (7364 turns).

Crownlay the Carver (Minotaur Fighter)              Turns: 7364, Time: 00:14:51

Health: -3/91      AC: 17    Str: 35    XL:     10   Next: 81%
Magic:  6/9        EV: 19    Int: 17    God:    Cheibriados [*****.]
Gold:   170        SH:  6    Dex: 23    Spells: 9/9 levels left

rFire    + . .     SeeInvis .   D - +0 long sword
rCold    . . .     Faith    .   d - +0 buckler
rNeg     + . .     Spirit   .   a - +8 ring mail of Ennui {rN+}
rPois    .         Reflect  .   (helmet restricted)
rElec    .         Harm     .   (no cloak)
rCorr    .         Rampage  .   q - +0 pair of gloves
Will     .....                  f - +1 pair of boots
Stlth    +.........             (no amulet)
HPRegen  0.25/turn              j - ring of protection from fire
MPRegen  0.11/turn              (no ring)

@: very slow
A: horns 2, retaliatory headbutt
a: Renounce Religion, Bend Time, Temporal Distortion, Slouch, Step From Time


You were on level 9 of the Dungeon.
You worshipped Cheibriados.
Cheibriados was extremely pleased with you.
You visited 1 branch of the dungeon, and saw 9 of its levels.

You collected 512 gold pieces.
You spent 342 gold pieces at shops.

Inventory:

Hand Weapons
 t - a +6 club
 D - a +0 long sword (weapon)
Missiles
 v - 53 poisoned darts (quivered)
Armour
 a - the +8 ring mail of Ennui (worn) {rN+}
   (You bought it in a shop on level 6 of the Dungeon)

   rN:        It protects you from negative energy.
 c - a +0 kite shield
 d - a +0 buckler (worn)
 f - a +1 pair of boots (worn)
 q - a +0 pair of gloves (worn)
Jewellery
 j - a ring of protection from fire (left hand)
Wands
 s - a wand of flame (18)
 u - a wand of polymorph (5)
Scrolls
 g - 2 scrolls of enchant weapon
 h - 2 scrolls of noise {unknown}
 l - a scroll of vulnerability {unknown}
 m - 4 scrolls of holy word {unknown}
 n - 2 scrolls of fear
 o - a scroll of blinking
 p - 2 scrolls of immolation
 r - a scroll of fog {unknown}
 x - 2 scrolls of enchant armour
 y - 4 scrolls of teleportation
 z - 2 scrolls of amnesia {unknown}
 A - 2 scrolls of magic mapping
 E - a scroll of identify
Potions
 b - a potion of mutation {unknown}
 e - a potion of resistance {unknown}
 i - 2 potions of curing {unknown}
 k - 2 potions of haste
 w - a potion of magic {unknown}
 B - a potion of brilliance {unknown}


   Skills:
 * Level 9.0 Fighting
 - Level 14.0 Long Blades
 - Level 3.6 Armour
 - Level 10.0 Dodging
 - Level 4.0 Shields


You had 9 spell levels left.
You didn't know any spells.
Your spell library contained the following spells:

 Spells                   Type           Power      Damage    Failure   Level
 Summon Guardian Golem    Hex/Summ       0%         N/A       67%         3
 Orb of Destruction       Conj           0%         N/A       100%        7
 Spellforged Servitor     Conj/Summ      0%         N/A       100%        7


Dungeon Overview and Level Annotations

Branches:
Dungeon (8/15)             Temple (0/1) D:6             Orc (0/2) D:9
   Lair: D:8-11

Altars:
Cheibriados
Makhleb

Shops:
D:2 [   D:6 !*[!?

Annotations:
D:7 2 transporters, diceflayer's ghost, novice MiFi
D:8 1 transporter, Raspi's ghost, novice MiBe


Innate Abilities, Weirdness & Mutations

You have a pair of horns on your head.
You reflexively headbutt those who attack you in melee.


Message History

You block the gnoll sergeant's attack.
You completely miss the orc warrior.
The orc warrior is moderately wounded.
The gnoll sergeant hits you but does no damage.
You hit the orc warrior but do no damage.
You headbutt the orc warrior!
The orc warrior is severely wounded.
You closely miss the orc warrior. You headbutt the orc warrior!
You kill the orc warrior!
Cheibriados appreciates the change of pace.
The gnoll sergeant hits you but does no damage.
You closely miss the orc. Your headbutt misses the orc.
The gnoll sergeant hits you but does no damage.
You barely miss the orc. Your headbutt misses the orc.
The orc hits you but does no damage. The orc misses you.
You riposte.
You closely miss the orc. You headbutt the orc!
You kill the orc!
Cheibriados thoroughly appreciates the change of pace.
You slice the orc!!
You kill the orc!
Cheibriados appreciates the change of pace.
You block the gnoll sergeant's attack.
Your Fighting skill increases to level 9!
You slice the gnoll!!
You kill the gnoll!
Cheibriados appreciates the change of pace.
The gnoll sergeant misses you.
The gnoll sergeant hits you with a +0 trident!
* * * LOW HITPOINT WARNING * * *
The gnoll sergeant misses you. You furiously retaliate!
You headbutt the gnoll sergeant!
There is an open door, spattered with blood here.
Items here: ( ))))))))))) [[[[[ †††††††.
You closely miss the gnoll sergeant.
Your headbutt misses the gnoll sergeant.
The gnoll sergeant is almost dead.
You barely miss the gnoll sergeant.
The gnoll sergeant is almost dead.
The gnoll sergeant hits you with a +0 trident!
You die...

##..... ##......
##.....#######
##......#8...8#
##.......#.....#
##))......#..>..#
##.))......#..)).#
##..))......#8.g.8#
##...........###@###.##
#....###...#....)))...#
.....# #..##########....
.....###..# .. ..........##
#.....
...........###.........
........................
.........................
...........................


You could see a gnoll sergeant.

Vanquished Creatures
  A two-headed ogre (D:6)
  3 kobold demonologists (D:9)
  A troll (D:9)
  Grinder (D:5)
  The ghost of othur the Stinger, an amateur DrVM of Kikubaaqudgha (D:4)
  A wyvern (D:9)
  Sigmund (D:3)
  A steam dragon (D:6)
  A water moccasin (D:8)
  2 black bears (D:5)
  An ice beast (D:5)
  A sky beast (D:8)
  8 orc warriors
  5 ogres
  A necrophage (D:4)
  2 centaurs
  A phantom (D:6)
  Blork the orc (D:6)
  7 kobold brigands
  5 bullfrogs
  3 gnoll sergeants (D:9)
  A scorpion (D:5)
  A wyvern skeleton (D:5)
  A water moccasin skeleton (D:6)
  5 killer bees (D:9)
  5 wights (D:6)
  A bullfrog zombie (D:7)
  A centaur zombie (D:8)
  2 orc priests
  3 centaur skeletons
  3 jellies
  A bullfrog skeleton (D:6)
  Ijyb (D:3)
  7 orc wizards
  A killer bee zombie (D:7)
  2 hound skeletons
  A howler monkey zombie (D:6)
  Robin (D:3)
  12 gnolls
  8 adders
  2 white imps
  An ufetubus (D:4)
  A worm (D:4)
  2 dart slugs
  26 orcs
  3 ball pythons
  5 endoplasms
  4 giant cockroaches
  16 goblins
  8 hobgoblins
  3 jackals (D:3)
  17 kobolds
  6 quokkas
  5 bats
  4 frilled lizards
  9 rats
217 creatures vanquished.

Vanquished Creatures (others)
  2 fungi (D:4)
  3 toadstools (D:4)
5 creatures vanquished.

Grand Total: 222 creatures vanquished

Notes
Turn   | Place    | Note
-------+----------+-------------------------------------------
     0 | D:1      | Crownlay the Minotaur Fighter began the quest for the Orb.
     0 | D:1      | Reached XP level 1. HP: 19/19 MP: 0/0
   180 | D:1      | Reached skill level 3 in Long Blades
   180 | D:1      | Reached XP level 2. HP: 27/27 MP: 1/1
  1092 | D:2      | Reached XP level 3. HP: 33/33 MP: 2/2
  1119 | D:2      | Found Ceyh's Armour Shop.
  1137 | D:2      | Reached skill level 4 in Long Blades
  1474 | D:2      | Noticed a floating eye
  1476 | D:2      | Found a faded altar of an unknown god.
  1477 | D:2      | Noticed a shining eye
  1477 | D:2      | Noticed an eye of devastation
  1477 | D:2      | Noticed a shining eye
  1487 | D:2      | Became a worshipper of Cheibriados the Contemplative
  1487 | D:2      | Reached * piety under Cheibriados
  2082 | D:3      | Reached XP level 4. HP: 41/41 MP: 3/3
  2103 | D:3      | Noticed Sigmund
  2109 | D:3      | Killed Sigmund
  2110 | D:3      | Reached skill level 6 in Long Blades
  2110 | D:3      | Reached XP level 5. HP: 34/47 MP: 4/4
  2348 | D:3      | Reached ** piety under Cheibriados
  2655 | D:3      | Noticed Robin
  2667 | D:3      | Killed Robin
  2689 | D:3      | Reached XP level 6. HP: 53/53 MP: 5/5
  2779 | D:3      | Noticed Ijyb
  2786 | D:3      | Killed Ijyb
  2787 | D:3      | Reached skill level 7 in Long Blades
  2787 | D:3      | Reached skill level 1 in Dodging
  2870 | D:4      | Reached *** piety under Cheibriados
  2931 | D:4      | Found a runed translucent door.
  2933 | D:4      | Found a burning altar of Makhleb.
  3414 | D:4      | Noticed othur's ghost (amateur DrVM)
  3418 | D:4      | Reached skill level 8 in Long Blades
  3422 | D:4      | Reached XP level 7. HP: 53/60 MP: 6/6
  3430 | D:4      | Killed othur's ghost
  3642 | D:5      | Entered Level 5 of the Dungeon
  3652 | D:5      | Reached skill level 9 in Long Blades
  3856 | D:5      | Noticed Grinder
  3868 | D:5      | Killed Grinder
  3869 | D:5      | Reached XP level 8. HP: 62/67 MP: 7/7
  3984 | D:5      | Reached skill level 10 in Long Blades
  4184 | D:5      | Reached skill level 5 in Dodging
  4289 | D:5      | Reached **** piety under Cheibriados
  4751 | D:6      | Reached skill level 11 in Long Blades
  4909 | D:6      | Found Rytronif's Assorted Antiques.
  4953 | D:6      | Found Laurgh's Antique Armour Shoppe.
  4958 | D:6      | Bought a heavily runed ring mail for 207 gold pieces
  4958 | D:6      | Identified the +8 ring mail of Ennui {rN+} (You bought it
                  | in a shop on level 6 of the Dungeon)
  5040 | D:6      | Reached XP level 9. HP: 46/72 MP: 8/8
  5173 | D:6      | Noticed a two-headed ogre
  5176 | D:6      | Found a staircase to the Ecumenical Temple.
  5182 | D:6      | Killed a two-headed ogre
  5183 | D:6      | Reached skill level 12 in Long Blades
  5405 | D:6      | Found Niazxach's Distillery.
  5450 | D:6      | Found Ficocud's Distillery.
  5455 | D:6      | Bought a potion of degeneration for 12 gold pieces
  5505 | D:6      | Noticed Blork the orc
  5510 | D:6      | Killed Blork the orc
  5570 | D:6      | Found Asaciqa's Magic Scroll Boutique.
  5580 | D:6      | Bought a scroll of identify for 26 gold pieces
  5580 | D:6      | Bought a scroll of identify for 26 gold pieces
  5580 | D:6      | Bought a scroll of identify for 26 gold pieces
  5580 | D:6      | Bought a scroll of magic mapping for 45 gold pieces
  5628 | D:7      | Found a transporter.
  5707 | D:7      | Reached skill level 13 in Long Blades
  5779 | D:7      | Reached ***** piety under Cheibriados
  5831 | D:7      | Noticed diceflayer's ghost (novice MiFi)
  5957 | D:7      | Found a transporter.
  6044 | D:7      | Identified the +0 chain mail of Truth {rC- Will+++ rCorr
                  | Str-4}
  6305 | D:8      | Found a transporter.
  6307 | D:8      | Identified the +9 dire flail of Discomfort {vorpal, rPois
                  | rF+ rC+ Dex-2}
  6307 | D:8      | Noticed Raspi's ghost (novice MiBe)
  6468 | D:8      | Reached XP level 10. HP: 19/80 MP: 9/9
  6770 | D:8      | You fall into a shaft and drop 1 floor!
  6783 | D:9      | Reached skill level 14 in Long Blades
  6812 | D:9      | Noticed a soul eater
  6819 | D:9      | Noticed an orange demon
  6822 | D:9      | Noticed an orange demon
  6826 | D:9      | Noticed a sun demon
  6829 | D:9      | Reached skill level 10 in Dodging
  6830 | D:9      | Reached skill level 5 in Fighting
  7298 | D:9      | Found a staircase to the Orcish Mines.
  7364 | D:9      | Slain by a gnoll sergeant

Illustrated notes

Levels and vault maps discovered:
D:1:      amcnicky_arrival_flooded_fountain, layout_basic
D:2:      layout_basic, hellmonk_ecumenical_altar_watching_god, serial_shops,
          shop, minmay_misc_feat_roman
D:3:      layout_loops_ring, uniq_ijyb, uniq_robin, uniq_sigmund
D:4:      layout_cave_pools, mainiacjoe_overflow_chevrons,
          ebering_ghost_sewer_d, minmay_gold_behind_fungi, grunt_decor_junction,
          minmay_quantized
D:5:      layout_basic, lemuel_flamethrower_1, uniq_grinder
D:6:      cheibrodos_quashed, layout_loops_ring,
          minmay_temple_entry_antechambers, serial_shops,
          nicolae_lakefront_shop, shop, kennysheep_little_box, shop,
          nicolae_shop_crystal, uniq_blork_the_orc
D:7:      layout_cave_pools, gammafunk_ghost_mausoleum, minmay_misc_feat_tower
D:8:      layout_basic, dpeg_lair_monsters, gammafunk_ghost_smash
D:9:      layout_big_octagon, kennysheep_orc_monster_closet_entryway,
          nzn_ghost_randoct

Skill      XL: |  1  2  3  4  5  6  7  8  9 10 |
---------------+-------------------------------+-----
Long Blades    | 3 4 6 8 9 11 13 14 | 14.0
Fighting       | 4 9 |  9.0
Shields        | 4 |  4.0
Dodging        | 2 4 6 8 10 | 10.0
Armour         | |  3.6

Action                   |  1- 3 |  4- 6 |  7- 9 | 10-12 || total
-------------------------+-------+-------+-------+-------++-------
Melee: Long sword        |    81 |   108 |   200 |   128 ||   517
       Headbutt          |    11 |    33 |    85 |    46 ||   175
Throw: Dart              |       |       |     6 |       ||     6
Invok: Slouch            |       |       |       |     2 ||     2
       Bend Time         |       |       |       |     1 ||     1
  Use: Potion            |       |     1 |       |     3 ||     4
       Scroll            |       |       |     6 |       ||     6
Armor: Scale mail        |    42 |    37 |       |       ||    79
       Plate armour      |       |     8 |    51 |       ||    59
       Ring mail         |       |       |    43 |    40 ||    83
Dodge: Dodged            |    30 |    35 |   122 |   102 ||   289
Block: Buckler           |       |    20 |    58 |    58 ||   136
       Rpst.: Long sword |     9 |    11 |    16 |    24 ||    60
